 Dungeon Crawl Stone Soup version 0.31-a0-221-gbddc013574 (webtiles) character file.

Game seed: 7863887594844441763

2060 ANON1729 the Trooper (level 8, -15/71 HPs)
             Began as a Minotaur Monk on July 4, 2023.
             Was a Believer of Ru.
             Demolished by a two-headed ogre
             ... wielding a +0 giant club
              (24 damage)
             ... on level 9 of the Dungeon.
             The game lasted 00:03:36 (4531 turns).

ANON1729 the Trooper (Minotaur Monk)                Turns: 4531, Time: 00:03:37

Health: -15/71     AC: 13    Str: 19    XL:     8   Next: 5%
Magic:  7/7        EV: 10    Int:  7    God:    Ru [**....]
Gold:   243        SH:  0    Dex: 15    Spells: 7/7 levels left

rFire   . . .        j - +5 falchion of the Harvest {freeze, Str+3}
rCold   + . .        d - orb {light}
rNeg    . . .        p - +0 chain mail
rPois   .            s - +0 hat
rElec   .            (no cloak)
rCorr   .            (no gloves)
SInv    .            (no boots)
Will    .....        (no amulet) Stlth
                     f - ring of protection from cold
HPRegen 0.31/turn    r - +4 ring of protection
MPRegen 0.10/turn

%: no passive effects
@: glowing
A: horns 2, no conjurations magic, no earth magic, no transmutations magic,
inexperienced 1, retaliatory headbutt
a: Renounce Religion


You were on level 9 of the Dungeon.
You worshipped Ru.
Ru was pleased with you.
You visited 1 branch of the dungeon, and saw 7 of its levels.

You collected 243 gold pieces.

Inventory:

Hand Weapons
 j - the +5 falchion of the Harvest (weapon) {freeze, Str+3}
   (You found it on level 2 of the Dungeon)

   Str:       It affects your strength (+3).
Missiles
 l - 6 curare-tipped darts
Armour
 b - a +0 robe
 d - an orb of light (worn)
 p - a +0 chain mail (worn)
 s - a +0 hat (worn)
Jewellery
 f - a ring of protection from cold (left hand)
 r - a +4 ring of protection (right hand)
Wands
 x - a wand of paralysis (5)
Scrolls
 e - 2 scrolls of summoning {unknown}
 g - 8 scrolls of identify {unknown}
 h - a scroll of enchant weapon {unknown}
 m - 2 scrolls of teleportation {unknown}
 n - a scroll of amnesia {unknown}
 v - a scroll of fog {unknown}
 w - a scroll of poison {unknown}
 y - a scroll of immolation {unknown}
Potions
 a - 2 potions of mutation {unknown}
 c - 2 potions of ambrosia
 i - 3 potions of might {unknown}
 k - 2 potions of resistance {unknown}
 o - a potion of curing
 q - a potion of invisibility {unknown}
 t - a potion of lignification {unknown}
 u - a potion of cancellation {unknown}
 z - a potion of brilliance {unknown}


   Skills:
 + Level 6.6 Fighting
 + Level 4.5 Long Blades
 + Level 6.6 Maces & Flails
 + Level 4.5 Ranged Weapons
 + Level 3.5 Throwing
 + Level 3.8 Armour
 + Level 6.0 Dodging
 + Level 3.1 Stealth


You had 7 spell levels left.
You didn't know any spells.
Your spell library contained the following spells:

 Spells                   Type           Power      Damage    Failure   Level
 Blink                    Tloc           0%         N/A       99%         2
 Lesser Beckoning         Tloc           0%         N/A       99%         2
 Portal Projectile        Hex/Tloc       0%         N/A       100%        3
 Tukima's Dance           Hex            0%         N/A       100%        3
 Manifold Assault         Tloc           0%         N/A       100%        4
 Olgreb's Toxic Radiance  Pois           0%         N/A       100%        4
 Discord                  Hex            0%         N/A       100%        8
 Disjunction              Tloc           0%         N/A       100%        8
 Ignition                 Fire           0%         3d3       100%        8
 Momentum Strike          Conj/Tloc      Unusable   3d8       N/A         2
 Blade Hands              Tmut           Unusable   N/A       N/A         5
 Conjure Ball Lightning   Conj/Air       Unusable   3x3d6     N/A         6
 Storm Form               Tmut/Air       Unusable   N/A       N/A         7

Dungeon Overview and Level Annotations

Branches:
Dungeon (6/15)
 Temple: D:4-7

Altars:
Ru
Sif Muna


Innate Abilities, Weirdness & Mutations

You have a pair of horns on your head.
You cannot study or cast Conjurations magic.
You cannot study or cast Earth magic.
You cannot study or cast Transmutations magic.
You are somewhat inexperienced. (-1 XL)
You reflexively headbutt those who attack you in melee.


Message History

You have reached level 8!
You feel stronger.
Unknown command.
Unknown command.
You feel better. The two-headed ogre barely misses you.
The two-headed ogre misses you.
Okay, then.
You are confused.
You feel invigorated.
An ice beast comes into view.
The two-headed ogre misses you.
The two-headed ogre hits you with a +0 giant club!
* * * LOW HITPOINT WARNING * * *
The white imp begins to attack, but is stunned by your conviction!
You bump into the rock wall.
The white imp shouts, "Give up, thou jarring unchin-snouted cloven-toed!"
You bump into the rock wall.
The two-headed ogre hits you with a +0 giant club.
The two-headed ogre hits you with a +0 giant club!!
* * * LOW HITPOINT WARNING * * *
The white imp shouts, "Embrace thy fall, thou artless full-gorged wastrel!"
You're too confused to move!
You feel less invigorated.
You feel less confused. The two-headed ogre misses you.
You furiously retaliate!
You headbutt the two-headed ogre!
The two-headed ogre hits you with a +0 giant club!
* * * LOW HITPOINT WARNING * * *
You feel better.
Aiming: Paralyse
Press: ? - help, Shift-Dir - straight line, f - two-headed ogre
Aim: a two-headed ogre, wielding two +0 giant clubs (lightly wounded, haloed, chance to affect: 31%)
The two-headed ogre easily resists.
The two-headed ogre closely misses you. You furiously retaliate!
You headbutt the two-headed ogre! The two-headed ogre barely misses you.
Aiming: Paralyse
Press: ? - help, Shift-Dir - straight line, f/p - two-headed ogre
Aim: a two-headed ogre, wielding two +0 giant clubs (moderately wounded, haloed, chance to affect: 31%)
The two-headed ogre easily resists.
The two-headed ogre hits you with a +0 giant club!!
You die...

#...#.... .. ###....... ...
#......#.###.##
............. ...........
###### #....... .....#
##########....# .....#
..............########.....#
###########.#...@O5Y.)....(#
#.#.########.....# #.#.#
###### ###########.#.#
............#.#
#############.# ..# #.# ..#
#.# ..#


You could see a two-headed ogre, an ice beast and a white imp.

Vanquished Creatures
  Psyche (D:9)
  Grinder (D:5)
  Edmund (D:4)
  Duvessa (D:4)
  An ice beast (D:5)
  An orc warrior (D:6)
  A black bear (D:4)
  2 ogres
  2 phantoms (D:5)
  3 scorpions
  Dowan (D:4)
  A hound (D:6)
  2 jellies
  3 orc priests
  4 iguanas
  Terence (D:2)
  3 orc wizards
  10 adders
  A white imp (D:6)
  An ufetubus (D:5)
  3 dart slugs
  24 orcs
  6 ball pythons
  8 endoplasms
  3 giant cockroaches
  8 goblins
  4 hobgoblins
  4 jackals (D:1)
  5 quokkas
  9 bats
  4 frilled lizards
  8 kobolds
  4 rats
131 creatures vanquished.

Vanquished Creatures (others)
  An ufetubus (D:5)
  An orc (D:6)
2 creatures vanquished.

Grand Total: 133 creatures vanquished

Notes
Turn   | Place    | Note
-------+----------+-------------------------------------------
     0 | D:1      | ANON1729 the Minotaur Monk began the quest for the Orb.
     0 | D:1      | Reached XP level 1. HP: 19/19 MP: 0/0
   140 | D:1      | Reached XP level 2. HP: 27/27 MP: 1/1
   288 | D:1      | Reached XP level 3. HP: 30/33 MP: 2/2
   479 | D:2      | Noticed Terence
   487 | D:2      | Killed Terence
   488 | D:2      | Reached skill level 1 in Ranged Weapons
   587 | D:2      | Reached XP level 4. HP: 34/41 MP: 3/3
  1217 | D:2      | Identified the +5 falchion of the Harvest {freeze, Str+3}
  1235 | D:2      | Found a faded altar of an unknown god.
  1559 | D:2      | Prayed at the altar of an unknown god.
  1559 | D:2      | Became a worshipper of Ru the Awakened
  1562 | D:2      | Gained mutation: You are somewhat inexperienced. (-1 XL)
                  | [Ru sacrifice]
  1562 | D:2      | Reached XP level 3. HP: 34/34 MP: 2/2
  1562 | D:2      | Reached * piety under Ru
  1815 | D:3      | Reached XP level 4. HP: 41/41 MP: 3/3
  2088 | D:3      | Reached skill level 1 in Long Blades
  2284 | D:4      | Noticed Edmund
  2301 | D:4      | Killed Edmund
  2302 | D:4      | Reached skill level 5 in Fighting
  2302 | D:4      | Reached skill level 5 in Maces & Flails
  2302 | D:4      | Reached skill level 1 in Throwing
  2302 | D:4      | Reached XP level 5. HP: 10/48 MP: 4/4
  2457 | D:4      | Reached skill level 1 in Stealth
  2498 | D:4      | Noticed Dowan
  2500 | D:4      | Noticed Duvessa
  2521 | D:4      | Killed Duvessa
  2581 | D:4      | Killed Dowan
  2582 | D:4      | Reached skill level 1 in Armour
  2658 | D:4      | Reached XP level 6. HP: 41/56 MP: 5/5
  2807 | D:4      | Reached skill level 5 in Dodging
  3058 | D:5      | Entered Level 5 of the Dungeon
  3058 | D:5      | Noticed Grinder
  3072 | D:5      | Paralysed by Grinder for 4 turns
  3078 | D:5      | Killed Grinder
  3128 | D:5      | Reached XP level 7. HP: 58/62 MP: 6/6
  3271 | D:5      | Found a shimmering blue altar of Sif Muna.
  3528 | D:5      | Gained mutation: You cannot study or cast Earth magic. [Ru
                  | sacrifice]
  3528 | D:5      | Gained mutation: You cannot study or cast Transmutations
                  | magic. [Ru sacrifice]
  3528 | D:5      | Gained mutation: You cannot study or cast Conjurations
                  | magic. [Ru sacrifice]
  3528 | D:5      | Reached ** piety under Ru
  4471 | D:6      | You fall into a shaft and drop 3 floors!
  4514 | D:9      | Noticed Psyche
  4516 | D:9      | Noticed a two-headed ogre
  4519 | D:9      | Killed Psyche
  4520 | D:9      | Reached XP level 8. HP: 13/71 MP: 7/7
  4528 | D:9      | HP: 2/71 [two-headed ogre/+0 giant club (9)]
  4531 | D:9      | Demolished by a two-headed ogre

Illustrated notes

Levels and vault maps discovered:
D:1:      tarquinn_simple_flora_water_d, layout_rooms
D:2:      layout_basic, shapermc_ecumenical_altar_mp_urbaneastern, uniq_terence
D:3:      layout_basic, dk_noncrumbling_4
D:4:      layout_rooms, uniq_edmund, uniq_duvessa
D:5:      layout_loops_ring, nicolae_sif_muna_little_library,
          hangedman_minor_gate_pass, uniq_grinder
D:6:      layout_loops_ring, minmay_misc_feat_pillars, minivault_24
D:9:      layout_basic, serial_shops, shop, serial_ice, serial_ice_g,
          serial_ice_o, serial_ice_n, serial_ice_a, serial_ice_d, st_stairs_1,
          kennysheep_minor_cross, uniq_psyche

Skill      XL: |  1  2  3  4  5  6  7 |
---------------+----------------------+-----
Fighting       | 4 5 6 |  6.6
Maces & Flails | 4 5 6 |  6.6
Ranged Weapons | 2 3 4 |  4.5
Dodging        | 4 5 6 |  6.0
Long Blades    | 1 2 3 4 |  4.5
Throwing       | 1 2 3 |  3.5
Stealth        | 1 2 3 |  3.1
Armour         | 1 2 3 |  3.8

Action                     |  1- 3 |  4- 6 |  7- 9 || total
---------------------------+-------+-------+-------++-------
  Melee: Mace              |    53 |    30 |       ||    83
         Headbutt          |    13 |    16 |    16 ||    45
         Falchion          |    25 |    72 |    82 ||   179
 Invoke: Sacrifice Experie |     1 |       |       ||     1
         Sacrifice Arcana  |       |       |     1 ||     1
  Evoke: Wand              |       |       |     2 ||     2
    Use: Potion            |       |       |     3 ||     3
 Armour: Robe              |    14 |     5 |       ||    19
         Chain mail        |       |    21 |    35 ||    56
  Dodge: Dodged            |    59 |    43 |    45 ||   147

Table legend: (Time is in decaauts)
 A = Elapsed time spent in this place.
 B = Non-inter-level travel time spent in this place.
 C = Inter-level travel time spent in this place.
 D = Time resting spent in this place.
 E = Time spent auto-exploring this place.
 F = Levels seen in this place.
 G = Mean time per level.
                   A        B        C        D        E       F      G
               +--------+--------+--------+--------+--------+-----+--------+
         Total |   4575 |   4456 |    119 |    279 |   3438 |   7 |  653.6 |
       Dungeon |   4575 |   4456 |    119 |    279 |   3438 |   7 |  653.6 |
               +--------+--------+--------+--------+--------+-----+--------+

Top non-repeatable levels by time:
     D:2: 1165 daAuts
     D:3: 902 daAuts
     D:5: 831 daAuts
     D:4: 602 daAuts
     D:6: 590 daAuts
     D:1: 422 daAuts
     D:9: 60 daAuts
